 Dungeon Crawl Stone Soup version 0.19.5 (webtiles) character file.

6778 Monsterracer the Destroyer (level 10, -3/56 HPs)
             Began as a Deep Elf Conjurer on May 3, 2017.
             Was an Elder of Vehumet.
             Slain by a hornet (10 damage)
             ... on level 9 of the Dungeon.
             The game lasted 00:53:04 (11607 turns).

Monsterracer the Destroyer (Deep Elf Conjurer)     Turns: 11607, Time: 00:53:05

Health: -3/56      AC:  8    Str:  5    XL:     10   Next: 76%
Magic:  0/25       EV: 16    Int: 24    God:    Vehumet [****..]
Gold:   218        SH:  0    Dex: 15    Spells: 7 memorised, 8 levels left

rFire  + . .     SeeInvis .     f - +1 quarterstaff (speed)
rCold  + + .     Gourm    .     x - +2 robe {rC+}
rNeg   . . .     Faith    .     (shield currently unavailable)
rPois  .         Spirit   .     z - +0 helmet
rElec  .         Reflect  .     (no cloak)
rCorr  .         Harm     .     A - +0 pair of gloves "Neleytzi" {Regen+} (curse)
MR     +....                    h - +1 pair of boots {Fly}
Stlth  ++........               (no amulet)
                                g - ring of protection from cold
                                e - ring of protection from fire

@: lethally poisoned (-3 -> -4), about to teleport, flying, slowed, very slow
A: no striking features
a: Renounce Religion, Stop Flying


You were on level 9 of the Dungeon.
You worshipped Vehumet.
Vehumet was greatly pleased with you.
You were not hungry.

You visited 1 branch of the dungeon, and saw 9 of its levels.

You collected 503 gold pieces.
You spent 285 gold pieces at shops.

Inventory:

Hand Weapons
 f - a +1 quarterstaff of speed (weapon)
Armour
 h - a +1 pair of boots of flying (worn)
 m - a +0 buckler
 p - a +1 robe of magic resistance
 x - a +2 robe of cold resistance (worn)
 z - a +0 helmet (worn)
 A - the cursed +0 pair of gloves "Neleytzi" (worn) {Regen+}
   (You bought it in a shop on level 7 of the Dungeon)

   It increases your rate of regeneration.
   It has a curse placed upon it.
 B - a +3 leather armour of cold resistance
Jewellery
 e - a ring of protection from fire (left hand)
 g - a ring of protection from cold (right hand)
 o - a +2 ring of strength
Wands
 b - a wand of lightning (3/15)
 n - a wand of digging (14/24)
Scrolls
 a - a scroll of enchant armour
 d - 4 scrolls of identify
 l - 4 scrolls of teleportation
 s - 2 scrolls of recharging
 y - a scroll of fear
Potions
 i - 3 potions of heal wounds
 k - a potion of brilliance
 r - a potion of agility
 t - a potion of curing
 u - a potion of might
 v - a potion of haste
Comestibles
 c - 6 bread rations
 j - 2 meat rations
 q - 10 royal jellies
 w - 5 fruits
 C - 3 chunks of flesh


   Skills:
 + Level 4.1 Fighting
 + Level 5.6 Staves
 + Level 6.1 Dodging
 - Level 2.4 Stealth
 - Level 0.2 Shields
 + Level 9.7 Spellcasting
 * Level 11.5 Conjurations
 + Level 6.0 Charms
 + Level 5.0 Fire Magic


You had 8 spell levels left.
You knew the following spells:

 Your Spells              Type           Power        Failure   Level  Hunger
a - Magic Dart            Conj           ####         1%          1    None
b - Searing Ray           Conj           ######       1%          2    None
c - Fulminant Prism       Conj/Hex       #####.....   1%          4    #......
d - Iskenderun's Battles  Conj/Chrm      ######..     1%          5    ####...
f - Throw Flame           Conj/Fire      ######       1%          2    None
g - Conjure Flame         Conj/Fire      ######..     1%          3    None
h - Static Discharge      Conj/Air       #####...     1%          3    None


Dungeon Overview and Level Annotations

Branches:
Dungeon (9/15)             Temple (0/1) D:6
   Lair: D:8-11         Orc: D:9-12

Altars:
Ashenzari
Cheibriados
Elyvilon
Gozag
Hepliaklqana
Qazlal
Ru
Vehumet
Yredelemnul

Shops:
D:7 *

Annotations:
D:9 Grum


Message History

The wolf closely misses you. The wolf bites you but does no damage.
The hornet stings you!
You feel as though you will be slow longer.
The wolf bites you but does no damage. The wolf closely misses you.
The eye of draining gazes at you.
You feel your power leaking away. The hornet completely misses you.
A wolf comes into view.
Okay, then.
As you read the scroll of teleportation, it crumbles to dust.
You feel strangely unstable. The wolf barely misses you. The wolf bites you. x2
The hornet stings you!
* * * LOW HITPOINT WARNING * * *
You are poisoned.
You feel as though you will be slow longer.
The wolf howls!
The wolf bites you!
* * * LOW HITPOINT WARNING * * *
The wolf closely misses you. The hornet stings you!
You die...

..................
#....#.......#....
###..##....#.#.###
......#.........##
.................#
.................#
..............*..#
......)..........### ###
..............(.@y.#.....
................hhS..?...
................%..#.....
....................g....
#...........#..#.#.#G....
#####..............#h....
. #.............. .... .
.............. .F.
................


You could see Grum, an eye of draining, a hornet, 3 wolves, a bullfrog
(wandering), an adder and a friendly battlesphere.

Vanquished Creatures
  Pikel (D:3)
  A hill giant (D:8)
  Maurice (D:8)
  Joseph (D:8)
  Grinder (D:3)
  2 two-headed ogres
  A hippogriff (D:7)
  Eustachio (D:6)
  A hungry ghost (D:8)
  Edmund (D:4)
  An orc warrior (D:7)
  A sky beast (D:8)
  3 ice beasts
  A phantom (D:8)
  3 slaves
  3 black bears
  6 ogres
  An eye of draining (D:8)
  2 centaurs (D:8)
  A big kobold (D:7)
  Blork the orc (D:4)
  7 bullfrogs
  2 scorpions (D:6)
  A killer bee (D:9)
  5 wights (D:7)
  A lava snake (D:7)
  3 crimson imps
  2 quasits (D:6)
  2 bullfrog zombies
  4 hounds
  7 jellies
  6 orc wizards
  2 bullfrog skeletons
  A centaur skeleton (D:9)
  4 orc priests
  5 iguanas
  Natasha (D:4)
  A worker ant (D:9)
  A hound zombie (D:6)
  A hound skeleton (D:6)
  6 gnolls
  A howler monkey skeleton (D:7)
  8 adders
  3 shadow imps
  7 oozes
  3 adder skeletons
  3 worms
  A dart slug (D:3)
  10 leopard geckos
  23 orcs
  2 ball pythons (D:5)
  6 bats
  10 giant cockroaches
  17 goblins
  8 hobgoblins
  12 jackals
  13 kobolds
  A quokka (D:6)
  6 frilled lizards
  A jackal skeleton (D:5)
  A leopard gecko skeleton (D:5)
  A quokka skeleton (D:5)
  8 rats
241 creatures vanquished.

Vanquished Creatures (others)
  4 fulminant prisms
4 creatures vanquished.

Grand Total: 245 creatures vanquished

Notes
Turn   | Place    | Note
-------+----------+-------------------------------------------
     0 | D:1      | Monsterracer the Deep Elf Conjurer began the quest for the Orb.
     0 | D:1      | Reached XP level 1. HP: 10/10 MP: 6/6
   353 | D:1      | Reached XP level 2. HP: 15/15 MP: 5/8
   551 | D:1      | Reached skill level 5 in Conjurations
   555 | D:1      | Learned a level 2 spell: Searing Ray
   826 | D:1      | Reached XP level 3. HP: 19/19 MP: 2/10
  2027 | D:2      | Reached XP level 4. HP: 24/24 MP: 7/12
  2065 | D:2      | Learned a level 4 spell: Fulminant Prism
  2134 | D:2      | Found a radiant altar of Vehumet.
  2154 | D:2      | Found a basalt altar of Yredelemnul.
  2156 | D:2      | Found an opulent altar of Gozag.
  2156 | D:2      | Found a hazy altar of Hepliaklqana.
  2156 | D:2      | Found a sacrificial altar of Ru.
  2156 | D:2      | Found a stormy altar of Qazlal.
  2160 | D:2      | Found a snail-covered altar of Cheibriados.
  2165 | D:2      | Became a worshipper of Vehumet
  3067 | D:3      | Reached skill level 6 in Conjurations
  3309 | D:3      | Noticed Grinder
  3316 | D:3      | Paralysed by Grinder for 5 turns
  3325 | D:3      | Paralysed by Grinder for 2 turns
  3358 | D:3      | Killed Grinder
  3358 | D:3      | Reached skill level 5 in Spellcasting
  3358 | D:3      | Reached skill level 7 in Conjurations
  3358 | D:3      | Reached XP level 5. HP: 10/28 MP: 1/15
  3358 | D:3      | Reached XP level 6. HP: 11/32 MP: 1/16
  3365 | D:3      | Learned a level 5 spell: Iskenderun's Battlesphere
  3372 | D:3      | Learned a level 4 spell: Iskenderun's Mystic Blast
  3598 | D:2      | Reached * piety under Vehumet
  3598 | D:2      | Offered knowledge of Sandblast by Vehumet.
  4040 | D:4      | Noticed Edmund
  4056 | D:4      | Killed Edmund
  4202 | D:4      | Reached skill level 1 in Staves
  4377 | D:4      | Noticed Blork the orc
  4383 | D:4      | Killed Blork the orc
  4383 | D:4      | Reached XP level 7. HP: 36/36 MP: 10/18
  4629 | D:4      | Noticed Pikel
  4876 | D:3      | Killed Pikel
  4876 | D:3      | Reached skill level 8 in Conjurations
  4876 | D:3      | Reached XP level 8. HP: 28/41 MP: 10/20
  5181 | D:4      | Noticed Natasha
  5191 | D:4      | Killed Natasha
  5403 | D:5      | Entered Level 5 of the Dungeon
  5558 | D:5      | Learned a level 3 spell: Dazzling Spray
  5792 | D:5      | Reached skill level 5 in Charms
  6327 | D:5      | Reached skill level 1 in Fighting
  6327 | D:5      | Reached skill level 9 in Conjurations
  6632 | D:6      | Offered knowledge of Throw Flame by Vehumet.
  6633 | D:6      | Reached ** piety under Vehumet
  6637 | D:6      | Learned a level 2 spell: Throw Flame
  6834 | D:6      | Reached skill level 1 in Fire Magic
  7428 | D:6      | Noticed Eustachio
  7556 | D:6      | Killed Eustachio
  7556 | D:6      | Reached XP level 9. HP: 40/48 MP: 12/22
  7641 | D:6      | Found a shattered altar of Ashenzari.
  8087 | D:6      | Found a staircase to the Ecumenical Temple.
  8801 | D:7      | Reached skill level 10 in Conjurations
  8848 | D:7      | Found Cim Viun's Assorted Antiques.
  8906 | D:7      | Bought a pair of slimy gloves for 285 gold pieces
  8916 | D:7      | Identified the cursed +0 pair of gloves "Neleytzi" {Regen+} (You bought it in a shop on level 7 of the Dungeon)
  9073 | D:7      | Offered knowledge of Conjure Flame by Vehumet.
  9085 | D:7      | Learned a level 3 spell: Conjure Flame
  9330 | D:7      | Reached *** piety under Vehumet
  9565 | D:7      | Reached skill level 5 in Dodging
  9567 | D:7      | Offered knowledge of Static Discharge by Vehumet.
  9880 | D:8      | Noticed a hill giant
  9889 | D:8      | Killed a hill giant
  9889 | D:8      | Reached skill level 5 in Staves
  9889 | D:8      | Reached XP level 10. HP: 56/56 MP: 12/24
 10225 | D:8      | Noticed Joseph
 10236 | D:8      | Killed Joseph
 10236 | D:8      | Reached skill level 11 in Conjurations
 10447 | D:8      | Found a white marble altar of Elyvilon.
 10619 | D:8      | Learned a level 3 spell: Static Discharge
 10837 | D:8      | Noticed Maurice
 10848 | D:8      | Killed Maurice
 11058 | D:8      | Reached **** piety under Vehumet
 11597 | D:9      | Reached skill level 5 in Fire Magic
 11601 | D:9      | Noticed Grum
 11607 | D:9      | Slain by a hornet

Skill      XL: |  1  2  3  4  5  6  7  8  9 10 |
---------------+-------------------------------+-----
Conjurations   | 5 7 8 9 10 11 | 11.5
Spellcasting   | 4 5 6 7 8 9 |  9.7
Charms         | 2 4 5 6 |  6.0
Staves         | 1 2 3 5 |  5.6
Fighting       | 1 3 4 |  4.1
Dodging        | 3 5 6 |  6.1
Fire Magic     | 2 4 5 |  5.0
Stealth        | |  2.4
Shields        | |  0.2

Action                   |  1- 3 |  4- 6 |  7- 9 | 10-12 || total
-------------------------+-------+-------+-------+-------++-------
Melee: Unarmed           |    11 |       |       |       ||    11
       Whip              |     9 |       |       |       ||     9
       Dagger            |       |     1 |       |       ||     1
       Lajatang          |       |       |     4 |       ||     4
       Quarterstaff      |       |       |       |    19 ||    19
 Cast: Magic Dart        |    73 |    72 |   244 |    77 ||   466
       Searing Ray       |     2 |    13 |    32 |    19 ||    66
       Iskenderun's Myst |       |     1 |       |       ||     1
       Iskenderun's Batt |       |       |    19 |     9 ||    28
       Fulminant Prism   |       |       |     2 |     2 ||     4
       Conjure Flame     |       |       |     3 |     1 ||     4
       Dazzling Spray    |       |       |     2 |       ||     2
       Throw Flame       |       |       |       |     9 ||     9
       Static Discharge  |       |       |       |     3 ||     3
  Use: Potion            |     3 |     3 |     5 |     1 ||    12
       Scroll            |     1 |    12 |     2 |     3 ||    18
 Stab: Sleeping          |     1 |       |       |       ||     1
  Eat: Chunk             |     3 |     7 |    21 |     7 ||    38
       Pizza             |       |       |     1 |       ||     1
Armor: Robe              |     6 |     3 |    32 |    15 ||    56
       Leather armour    |     1 |     2 |       |       ||     3
Dodge: Dodged            |    16 |    20 |    76 |    49 ||   161
Block: Buckler           |       |       |     1 |       ||     1
